 Dungeon Crawl Stone Soup version 0.30-a0-424-g7412bad402 (webtiles) character file.

Game seed: 2570893698743773767

4 LordRotharoth the Ducker (level 1, -1/24 HPs)
             Began as a Demonspawn Gladiator on Dec 10, 2022.
             Frozen to death by an endoplasm (3 damage)
             ... on level 1 of the Dungeon.
             The game lasted 00:01:10 (214 turns).

LordRotharoth the Ducker (Demonspawn Gladiator)      Turns: 214, Time: 00:01:10

Health: -1/24      AC: 20    Str: 14    XL:     1   Next: 58%
Magic:  1/1        EV:  2    Int:  9    God:
Gold:   10         SH:  0    Dex: 14    Spells: 0/0 levels left

rFire   . . .      SeeInvis .    a - +0 long sword
rCold   . . .      Faith    .    (no shield)
rNeg    . . .      Spirit   .    (body armour currently unavailable)
rPois   +          Reflect  .    (helmet currently unavailable)
rElec   .          Harm     .    (cloak currently unavailable)
rCorr   .          Rampage  .    (gloves currently unavailable)
Will    .....      NoTele   +    (boots currently unavailable)
Stlth   +.........               (no amulet)
HPRegen 0.24/turn                (no ring)
MPRegen 0.07/turn                (no ring)

@: tree-form (expiring)
A: stationary, stasis, torment immunity, boosted hp
a: no special abilities


You were on level 1 of the Dungeon.
You were a tree.
You visited 1 branch of the dungeon, and saw 1 of its levels.

You collected 10 gold pieces.

Inventory:

Hand Weapons
 a - a +0 long sword (weapon)
Missiles
 d - 3 throwing nets (quivered)
 e - a javelin
Armour
 b - a +0 leather armour (melded)
 c - a +0 helmet (melded)
Scrolls
 f - a scroll of teleportation {unknown}


   Skills:
 + Level 2.2 Fighting
 + Level 2.7 Long Blades
 + Level 1.7 Throwing
 + Level 2.8 Dodging


You couldn't memorise any spells.
You didn't know any spells.
Your spell library was empty.

Dungeon Overview and Level Annotations

Branches:
Dungeon (1/15)

Altars:


Message History

The endoplasm hits you but does no damage.
The kobold hits you but does no damage.
The endoplasm hits you but does no damage.
The kobold hits you with a +0 short sword.
The endoplasm hits you but does no damage.
The kobold hits you but does no damage. The endoplasm freezes you.
You are frozen.
The kobold hits you but does no damage.
The endoplasm hits you but does no damage.
The kobold hits you but does no damage.
The endoplasm hits you but does no damage.
The kobold barely misses you. The endoplasm barely misses you.
The kobold hits you but does no damage. The endoplasm freezes you.
You are frozen.
The kobold hits you but does no damage.
The endoplasm hits you but does no damage.
The kobold hits you but does no damage.
The endoplasm jiggles.
The endoplasm hits you but does no damage.
The kobold hits you but does no damage. The endoplasm freezes you.
You are frozen.
The kobold hits you but does no damage. The endoplasm freezes you.
You are frozen.
* * * LOW HITPOINT WARNING * * *
Your transformation is almost over.
The kobold hits you with a +0 short sword.
* * * LOW HITPOINT WARNING * * *
The endoplasm hits you but does no damage.
The kobold hits you but does no damage. The endoplasm freezes you.
You are frozen.
* * * LOW HITPOINT WARNING * * *
The kobold hits you but does no damage. The endoplasm freezes you.
You are frozen.
You die...

#.#
#######.###############
..................>....
#######.##########.####
#.# ............. #.#
########.#### #.#
............
#####.#########......
#...♣J............†..
#....K..#######......
#.......?... #..#####
#........... #.#
#######.....##.
.....##. .....##. ....


You could see an endoplasm and a kobold.

Vanquished Creatures
  A hobgoblin (D:1)
  2 frilled lizards (D:1)
  3 rats (D:1)
6 creatures vanquished.

Notes
Turn   | Place    | Note
-------+----------+-------------------------------------------
     0 | D:1      | LordRotharoth the Demonspawn Gladiator began the quest for
                  | the Orb.
     0 | D:1      | Reached XP level 1. HP: 16/16 MP: 1/1
   213 | D:1      | HP: 1/24 [frozen (5)]
   214 | D:1      | Frozen to death by an endoplasm

Illustrated notes

Levels and vault maps discovered:
D:1:      ncdulo_halloftheorcs, layout_basic

Action                   || total
-------------------------++-------
Melee: Long sword        ||    15
  Use: Potion            ||     1
Armor: Skin              ||    37
       Leather armour    ||     3
Dodge: Dodged            ||    16

Table legend: (Time is in decaauts)
 A = Elapsed time spent in this place.
 B = Non-inter-level travel time spent in this place.
 C = Inter-level travel time spent in this place.
 D = Time resting spent in this place.
 E = Time spent auto-exploring this place.
 F = Levels seen in this place.
 G = Mean time per level.
                   A        B        C        D        E       F      G
               +--------+--------+--------+--------+--------+-----+--------+
         Total |    218 |    218 |      0 |      0 |     82 |   1 |  218.0 |
       Dungeon |    218 |    218 |      0 |      0 |     82 |   1 |  218.0 |
               +--------+--------+--------+--------+--------+-----+--------+

Top non-repeatable levels by time:
     D:1: 218 daAuts
